 Dungeon Crawl Stone Soup version 0.31.0-32-g396128a36d (webtiles) character file.

Game seed: 28318113671202193

535 monsoonserge the Ruffian (level 7, -1/46 HPs)
             Began as an Octopode Fighter on Mar 13, 2024.
             Was an Initiate of Gozag.
             Slain by a sky beast (6 damage)
             ... on level 5 of the Dungeon.
             The game lasted 00:07:29 (3187 turns).

monsoonserge the Ruffian (Octopode Fighter)         Turns: 3187, Time: 00:07:30

Health: -1/46      AC:  1    Str: 17    XL:     7   Next: 25%
Magic:  7/7        EV: 13    Int: 11    God:    Gozag
Gold:   204        SH:  4    Dex: 11    Spells: 6/6 levels left

rFire   . .          .
                       - Unarmed
rCold   . . .        a - +0 buckler
rNeg    . . .        (helmet restricted)
rPois   +            (no amulet)
rElec   .            j - ring of poison resistance
rCorr   +            o - ring of resist corrosion
SInv    .            (no ring)
Will    .....        (no ring)
Stlth   ++++         (no ring)
HPRegen 0.27/turn    (no ring)
MPRegen 0.10/turn    (no ring)
                     (no ring)

%: no passive effects
@: hasted, very quick
A: almost no armour, amphibious, 8 rings, camouflage 1, gelatinous body 1,
nimble swimmer 1, tentacles
a: Renounce Religion, Potion Petition, Call Merchant, Bribe Branch


You were on level 5 of the Dungeon.
You worshipped Gozag.
Gozag was aware of your devotion.
You visited 2 branches of the dungeon, and saw 6 of its levels.

You collected 232 gold pieces.
You paid 28 gold pieces to Gozag.

Inventory:

Missiles
 l - a throwing net (quivered)
 m - 6 boomerangs
 p - 4 darts of dispersal
Armour
 a - a +0 buckler (worn)
Jewellery
 j - a ring of poison resistance (left tentacle)
 o - a ring of resist corrosion (right tentacle)
 u - a ring of see invisible
Scrolls
 c - a scroll of teleportation {unknown}
 e - 2 scrolls of revelation {unknown}
 f - 2 scrolls of identify {unknown}
 i - a scroll of immolation {unknown}
 k - a scroll of poison {unknown}
 q - a scroll of enchant weapon {unknown}
 r - a scroll of enchant armour {unknown}
 s - a scroll of silence {unknown}
Potions
 b - 2 potions of might
 d - a potion of attraction {unknown}
 g - a potion of enlightenment {unknown}
 h - a potion of haste
 n - 2 potions of heal wounds {unknown}
 t - a potion of berserk rage {unknown}


   Skills:
 + Level 3.5 Fighting
 + Level 3.9 Dodging
 + Level 4.0 Stealth
 - Level 3.0 Shields
 * Level 6.3 Unarmed Combat


You had 6 spell levels left.
You didn't know any spells.
Your spell library contained the following spells:

 Spells                   Type           Power      Damage    Failure   Level
 Call Canine Familiar     Summ           0%         N/A       80%         3
 Sigil of Binding         Hex            0%         N/A       80%         3
 Cause Fear               Hex            0%         N/A       99%         4
 Dimensional Bullseye     Hex/Tloc       0%         N/A       99%         4
 Fireball                 Conj/Fire      0%         3d3       100%        5
 Dragon's Call            Summ           0%         N/A       100%        9


Dungeon Overview and Level Annotations

Branches:
Dungeon (5/15)             Temple (1/1) D:4

Altars:
Cheibriados
Dithmenos
Fedhas
Gozag
Makhleb
Okawaru
Qazlal
Ru
Sif Muna
Vehumet
Wu Jian
Xom
Zin
The Shining One


Innate Abilities, Weirdness & Mutations

You cannot wear most types of armour.
You are amphibious.
You can wear up to eight rings at the same time.
Your skin changes colour to match your surroundings (Stealth+).
Your rubbery body absorbs attacks. (AC +1, EV +1)
You are camouflaged when in or above water. (Stealth+)
You have tentacles for arms and can constrict up to eight enemies at once.


Message History

You kill the orc priest!
You hear a splash.
Your Stealth skill increases to level 4!
You now have 204 gold pieces (gained 5).
You see here a +0 spear.
Found a clear potion.
You enter the shallow water.
You barely miss the sky beast. The sky beast completely misses you.
You bludgeon the sky beast!
The sky beast is moderately wounded.
The sky beast barely misses you.
You miss the sky beast.
You squeeze the sky beast, but do no damage.
The sky beast is moderately wounded.
The sky beast misses you.
You tentacle-slap the sky beast.
The sky beast is heavily wounded.
The sky beast flickers out of sight!
Deactivating autopickup; reactivate with Ctrl-A.
Something barely misses you.
You miss something. Your squeeze misses something.
You hear the slow hiss of a distant avalanche of sand.
You closely miss something. Something barely misses you.
You tentacle-slap something but do no damage.
Something hits you. Something shocks you.
You closely miss something. Something hits you. Something shocks you.
You completely miss something. Your squeeze misses something.
Something hits you. Something shocks you.
You tentacle-slap something. x2; Your squeeze misses something.
Something hits you. Something shocks you.
You tentacle-slap something but do no damage.
Something hits you but does no damage.
You miss something. Your squeeze misses something. Something hits you.
Something shocks you.
* * * LOW HITPOINT WARNING * * *
It was a potion of haste.
You feel yourself speed up. Something hits you.
* * * LOW HITPOINT WARNING * * *
Something shocks you.
You die...
Your body crumbles into a pile of gold.

≈~~~~~.~~~~~♣.#.##.o#
~~~~~.≈P~P~P~...#.o.
♣~P~.~≈~)P~~~###...
♣~≈.~≈≈~≈~PP~##.8.
♣≈~.~≈≈~≈~P♣♣.....
♣♣~~.~≈≈~~≈~♣ ##.8.
♣~~~.~≈~≈~♣♣♣ ..
♣♣♣♣~≈~.~~P~P♣ .
♣~~~≈@≈.~P~~♣♣
#~P≈~≈{~.~~~P♣
♣♣~~~≈~~.~~P♣~#
~~P~~P~~~.~~~♣##
#♣~~~PP~~.P~~..
#♣~~~~~♣!♣♣###.
#~♣~♣~... #####....#


There were no monsters in sight!

Vanquished Creatures
  A phantom (D:3)
  A scorpion (D:4)
  A bombardier beetle (D:4)
  2 orc priests
  A hound (D:4)
  Natasha (thrice) (D:2)
  An orc wizard (D:4)
  4 gnolls (D:2)
  3 adders (D:2)
  A ribbon worm (D:2)
  3 dart slugs
  6 orcs
  5 ball pythons
  4 bats
  8 endoplasms
  4 giant cockroaches
  9 goblins
  12 hobgoblins
  8 jackals
  2 quokkas
  3 frilled lizards
  9 kobolds
  6 rats
97 creatures vanquished.

Notes
Turn   | Place    | Note
-------+----------+-------------------------------------------
     0 | D:1      | monsoonserge the Octopode Fighter began the quest for the
                  | Orb.
     0 | D:1      | Reached XP level 1. HP: 16/16 MP: 1/1
   136 | D:1      | Reached XP level 2. HP: 21/21 MP: 2/2
   410 | D:1      | Reached XP level 3. HP: 22/26 MP: 3/3
   799 | D:2      | Noticed Natasha
   805 | D:2      | Killed Natasha
   806 | D:2      | Reached skill level 1 in Stealth
   806 | D:2      | Reached skill level 3 in Unarmed Combat
   806 | D:2      | Reached XP level 4. HP: 24/31 MP: 4/4
   885 | D:2      | Noticed Natasha
   908 | D:2      | Killed Natasha
   909 | D:2      | Reached skill level 4 in Unarmed Combat
   909 | D:2      | Reached XP level 5. HP: 20/36 MP: 5/5
  1062 | D:2      | Noticed Natasha
  1070 | D:2      | Killed Natasha
  1083 | D:2      | Found a blossoming altar of Fedhas.
  1644 | D:3      | Noticed a phantom
  1670 | D:3      | Killed a phantom
  1671 | D:3      | Reached skill level 5 in Unarmed Combat
  1671 | D:3      | Reached XP level 6. HP: 15/42 MP: 6/6
  2220 | D:4      | Found a staircase to the Ecumenical Temple.
  2230 | Temple   | Entered the Ecumenical Temple
  2244 | Temple   | Became a worshipper of Gozag Ym Sagoz the Greedy
  2543 | D:4      | Reached XP level 7. HP: 40/46 MP: 7/7
  2665 | D:4      | Reached skill level 6 in Unarmed Combat
  2965 | D:5      | Entered Level 5 of the Dungeon
  3187 | D:5      | Slain by a sky beast

Illustrated notes

Levels and vault maps discovered:
D:1:      dpeg_arrival_prison, layout_basic, minmay_pentomino_s4
D:2:      layout_rooms, basic_altar, st_stairs_7, uniq_natasha
D:3:      layout_basic
D:4:      layout_basic, minmay_temple_entry_antechambers, st_stairs_1,
          minivault_25, chequers_serial_rivers_micro_e
D:5:      layout_basic, eat_drink_and_be_merry_uskayaw,
          nicolae_ossuary_entry_plus, serial_bayou_lagoon_b
Temple:   nicolae_temple_bog_church

Skill      XL: |  1  2  3  4  5  6  7 |
---------------+----------------------+-----
Stealth        | 1 3 4 |  4.0
Unarmed Combat | 3 4 5 6 |  6.3
Fighting       | |  3.5
Dodging        | |  3.9
Shields        | |  3.0

Action                     |  1- 3 |  4- 6 |  7- 9 || total
---------------------------+-------+-------+-------++-------
  Melee: Unarmed           |    76 |   127 |    34 ||   237
         Constrict         |    19 |    31 |     6 ||    56
         Punch             |     2 |     3 |     3 ||     8
         Tentacles         |     7 |    22 |     7 ||    36
    Use: Potion            |       |       |     1 ||     1
   Stab: Sleeping          |     6 |     7 |     5 ||    18
 Armour: Skin              |    31 |    41 |    13 ||    85
  Dodge: Dodged            |    36 |    59 |    10 ||   105
  Block: Buckler           |    15 |    22 |     3 ||    40
